 Dungeon Crawl Stone Soup version 0.29.1-1-gd02db6906a (webtiles) character file.

Game seed: 10056907722469120463

162 DemonSlayer the Firebug (level 5, 0/24 (35) HPs)
             Began as a Demonspawn Fire Elementalist on Oct 18, 2022.
             Was an Initiate of Cheibriados.
             Slain by an orc wizard
             ... wielding a +2 dagger of draining
              (6 damage)
             ... on level 3 of the Dungeon.
             The game lasted 00:05:29 (3140 turns).

DemonSlayer the Firebug (DsFE)                      Turns: 3140, Time: 00:05:31

HP:   0/24 (35)     AC:  4    Str:  9    XL:     5   Next: 19%
MP:   1/9           EV: 12    Int: 20    God:    Cheibriados [......]
Gold: 163           SH:  0    Dex: 18    Spells: 4/10 levels left

rFire   . . .      SeeInvis .   h - +0 falchion
rCold   . . .      Faith    .   (no shield)
rNeg    . . .      Spirit   .   a - +0 robe
rPois   +          Reflect  .   (helmet restricted)
rElec   .          Harm     .   (no cloak)
rCorr   .          Rampage  .   g - +1 pair of gloves
Will    .....                   (no boots)
Stlth   ++++......              (no amulet)
HPRegen 0.08/turn               i - ring of poison resistance
MPRegen 0.11/turn               (no ring)

@: very heavily drained, slow
A: horns 1, thin skeletal structure 2
a: Renounce Religion


You were on level 3 of the Dungeon.
You worshipped Cheibriados.
Cheibriados was noncommittal.
You visited 1 branch of the dungeon, and saw 3 of its levels.

You collected 163 gold pieces.

Inventory:

Hand Weapons
 c - a +0 dagger
 h - a +0 falchion (weapon)
Armour
 a - a +0 robe (worn)
 g - a +1 pair of gloves (worn)
Jewellery
 i - a ring of poison resistance (left hand)
Wands
 b - a wand of polymorph (7)
Scrolls
 d - 3 scrolls of identify {unknown}
 e - a scroll of amnesia {unknown}
 k - a scroll of summoning {unknown}
 l - a scroll of blinking {unknown}
 m - a scroll of teleportation {unknown}
Potions
 f - a potion of brilliance {unknown}
 j - a potion of curing


   Skills:
 + Level 0.2 Fighting
 + Level 0.1(0.3) Short Blades
 + Level 0.5 Long Blades
 + Level 2.1 Dodging
 + Level 2.2 Stealth
 + Level 3.2 Spellcasting
 + Level 2.2 Conjurations
 + Level 3.6 Fire Magic


You had 4 spell levels left.
You knew the following spells:

 Your Spells              Type           Power      Damage    Failure   Level
a - Foxfire               Conj/Fire      60%        2x1d7     4%          1
b - Scorch                Fire           36%        2d7       4%          2
c - Conjure Flame         Conj/Fire      15%        6-21      12%         3

Your spell library contained the following spells:

 Spells                   Type           Power      Damage    Failure   Level
 Necrotise                Necr           12%        1d4       14%         1
 Inner Flame              Hex/Fire       10%        N/A       21%         3
 Call Canine Familiar     Summ           3%         N/A       38%         3
 Portal Projectile        Hex/Tloc       6%         N/A       38%         3
 Vampiric Draining        Necr           3%         2d6       38%         3
 Flame Wave               Conj/Fire      15%        2d7       38%         4
 Leda's Liquefaction      Hex/Erth       1%         N/A       80%         4
 Agony                    Necr           3%         N/A       98%         5
 Summon Cactus Giant      Summ           1%         N/A       100%        6


Dungeon Overview and Level Annotations

Branches:
Dungeon (3/15)

Altars:
Cheibriados
Makhleb
Xom


Innate Abilities, Weirdness & Mutations

You have a pair of small horns on your head.
You have a moderately thin skeletal structure. (Dex +4, Stealth++)


Message History

Deactivating autopickup; reactivate with Ctrl-A.
An orc comes into view. It is wielding a +0 short sword.
You hear some strange, mumbled words.
A puff of flame appears from out of thin air!
The puff of flame hits you!
The orc moves out of view.
You see here a +0 falchion.
Something hits you.
You feel drained.
You hear some strange, mumbled words.
A magic dart appears from out of thin air!
The magic dart hits you.
There is an open door here.
Something hits you but does no damage.
You feel drained.
You barely miss something. Your headbutt misses something.
You feel less confused. Something hits you.
You feel drained.
You hit something but do no damage. Your headbutt misses something.
Something hits you.
* * * LOW HITPOINT WARNING * * *
You feel drained. Something hits you.
* * * LOW HITPOINT WARNING * * *
You feel drained.
You feel better.
Flames lash something.
The orc hits you but does no damage. Something completely misses you.
Flames lash something.
The orc misses you. Something hits you but does no damage.
You feel drained.
Okay, then.
You hit the orc but do no damage. The orc barely misses you.
Something hits you.
You feel drained.
You slash the orc!
The orc is almost dead.
The orc barely misses you. Something hits you but does no damage.
You feel drained.
You hit the orc but do no damage.
The orc is almost dead.
The orc misses you. Something hits you.
You feel drained. The orc hits you with a +0 short sword.
* * * LOW HITPOINT WARNING * * *
Something hits you.
You die...

.....o....# #
###.........# ###
...........# ...
#..........#.... ...
#..........#....######.
#####†........#....#......
".............+....+.. ..>
#.### #....#.# ##. #.o@#
#....#.# #.. #####{###
#....#.# #..
#.......####.....###..
#.......'.##.#........
#.......#.##.#.######.
#...[...#....#.# ..
#.......###..#.#####..
#######..##........#..
#..........)##...#


You could see an orc.

Vanquished Creatures
  Natasha (thrice) (D:2)
  2 adders
  2 worms (D:2)
  2 dart slugs
  5 orcs (D:3)
  3 endoplasms
  2 giant cockroaches
  5 goblins
  3 hobgoblins
  2 jackals (D:2)
  3 kobolds
  3 quokkas
  7 ball pythons
  5 bats
  A frilled lizard (D:1)
  5 rats
53 creatures vanquished.

Vanquished Creatures (others)
  94 foxfires
94 creatures vanquished.

Grand Total: 147 creatures vanquished

Notes
Turn   | Place    | Note
-------+----------+-------------------------------------------
     0 | D:1      | DemonSlayer the Demonspawn Fire Elementalist began the
                  | quest for the Orb.
     0 | D:1      | Reached XP level 1. HP: 13/13 MP: 3/3
   169 | D:1      | Found a faded altar of an unknown god.
   532 | D:1      | Gained mutation: You have a pair of small horns on your
                  | head. [demonic ancestry]
   532 | D:1      | Reached XP level 2. HP: 16/19 MP: 3/5
   535 | D:1      | Learned a level 2 spell: Scorch
  1738 | D:2      | Gained mutation: You have a somewhat thin skeletal
                  | structure. (Dex +2, Stealth+) [demonic ancestry]
  1738 | D:2      | Reached XP level 3. HP: 24/24 MP: 0/6
  2152 | D:2      | Noticed Natasha
  2165 | D:2      | Killed Natasha
  2220 | D:2      | Gained mutation: You have a moderately thin skeletal
                  | structure. (Dex +4, Stealth++) [demonic ancestry]
  2220 | D:2      | Reached XP level 4. HP: 30/30 MP: 0/7
  2227 | D:2      | Noticed Natasha
  2246 | D:2      | Killed Natasha
  2275 | D:2      | Noticed Natasha
  2478 | D:2      | Killed Natasha
  2592 | D:2      | Found a shimmering altar of Xom.
  2800 | D:2      | Learned a level 3 spell: Conjure Flame
  2879 | D:3      | Reached XP level 5. HP: 35/35 MP: 6/9
  2975 | D:3      | Found a snail-covered altar of Cheibriados.
  2987 | D:3      | Found a burning altar of Makhleb.
  3013 | D:3      | Became a worshipper of Cheibriados the Contemplative
  3140 | D:3      | Slain by an orc wizard

Illustrated notes

Levels and vault maps discovered:
D:1:      psy_arrival_whirlpool, layout_loops_corners, basic_ecumenical_altar
D:2:      layout_loops_cross, basic_altar, grunt_decor_fettered,
          minmay_hexomino_p4, uniq_natasha
D:3:      layout_basic, lemuel_doored_altar, mainiacjoe_overflow_catwalk_spiral

Skill      XL: |  1  2  3  4 |
---------------+-------------+-----
Fire Magic     | 3 |  3.6
Stealth        | 2 |  2.2
Dodging        | 2 |  2.1
Conjurations   | 2 |  2.2
Spellcasting   | 3 |  3.2
Fighting       | |  0.2
Short Blades   | |  0.1
Long Blades    | |  0.5

Action                   |  1- 3 |  4- 6 || total
-------------------------+-------+-------++-------
Melee: Dagger            |    32 |       ||    32
       Falchion          |    11 |    39 ||    50
       Headbutt          |     3 |     3 ||     6
 Cast: Foxfire           |    63 |       ||    63
       Scorch            |     4 |    21 ||    25
  Use: Potion            |     1 |     1 ||     2
 Stab: Sleeping          |     3 |       ||     3
Armor: Robe              |    22 |     9 ||    31
       Skin              |       |     9 ||     9
Dodge: Dodged            |    43 |    20 ||    63
